 Dungeon Crawl Stone Soup version 0.23.0 (webtiles) character file.

Game seed: 10030872210805547266

42196 Geeful the Nimble (level 14, -11/94 HPs)
             Began as a Kobold Abyssal Knight on Feb 14, 2019.
             Was a High Priest of Lugonu.
             Mangled by an azure jelly (16 damage)
             ... on level 6 of the Lair of Beasts on Feb 17, 2019.
             The game lasted 01:32:53 (23754 turns).

Geeful the Nimble (Kobold Abyssal Knight)          Turns: 23754, Time: 01:32:55

Health: -11/94     AC: 13    Str: 16    XL:     14   Next: 54%
Magic:  23/23      EV: 26    Int: 16    God:    Lugonu [*****.]
Gold:   954        SH:  0    Dex: 18    Spells: 13/13 levels left

rFire    + . .     SeeInvis .   R - +5 quick blade of Instinct {pain, +Inv rElec}
rCold    . . .     Gourm    .   (shield restricted)
rNeg     + + .     Faith    .   N - +2 troll leather armour {Snorg}
rPois    .         Spirit   .   (no helmet)
rElec    +         Reflect  .   q - +1 cloak
rCorr    .         Harm     .   t - +4 pair of gloves "Icupso" {rN++}
MR       +....                  (no boots)
Stlth    ++........             (no amulet)
HPRegen  0.65/turn              I - ring of Amelioration {+Blink rF+ Int+3}
MPRegen  0.18/turn              n - +5 ring of strength

@: no status effects
A: small, carnivore
a: Depart the Abyss, Bend Space, Banish, Corrupt, Enter the Abyss, Renounce
Religion, Evoke Blink, Evoke Invisibility


You were on level 6 of the Lair of Beasts.
You worshipped Lugonu.
Lugonu was extremely pleased with you.
You were very full.

You visited 2 branches of the dungeon, and saw 18 of its levels.
You visited the Abyss 2 times.
You also visited: Sewer and Gauntlet.

You collected 1048 gold pieces.
You spent 94 gold pieces at shops.

Inventory:

Hand Weapons
 a - a +1 short sword of electrocution
 b - a +0 hand crossbow
 u - the +5 dagger "Giantslayer" {freeze, *Drain Str+2 Int+2}
   (You found it on level 6 of the Dungeon)

   It has been specially enchanted to freeze those struck by it, causing extra
   injury to most foes and up to half again as much damage against particularly
   susceptible opponents.
   It can also slow down cold-blooded creatures.
   It affects your strength (+2).
   It affects your intelligence (+2).
   It causes draining when unequipped.
 P - a +3 scimitar of freezing
 R - the +5 quick blade of Instinct (weapon) {pain, +Inv rElec}
   (You acquired it on level 5 of the Lair of Beasts)

   In the hands of one skilled in necromantic magic, it inflicts extra damage on
   living creatures.
   It insulates you from electricity.
   It lets you turn invisible.
Missiles
 J - 70 bolts
Armour
 q - a +1 cloak (worn)
 t - the +4 pair of gloves "Icupso" (worn) {rN++}
   (You found it on level 8 of the Dungeon)

   It greatly protects you from negative energy.
 y - the +1 leather armour of Rolu {+Blink MR+ rCorr Int-5}
   (You found it on level 9 of the Dungeon)

   It affects your intelligence (-5).
   It affects your resistance to hostile enchantments.
   It lets you blink.
   It provides partial protection from all sources of acid and corrosion.
 N - a +2 troll leather armour (worn) {Snorg}
 O - the +1 cloak of the Barber Surgeon {+Inv rElec rC+ Str-2}
   (You found it on level 1 of the Lair of Beasts)

   It affects your strength (-2).
   It protects you from cold.
   It insulates you from electricity.
   It lets you turn invisible.
Jewellery
 d - an uncursed ring of resist corrosion
 n - a +5 ring of strength (right hand)
 o - an uncursed ring of ice
 B - an uncursed ring of ice
 D - the ring "Sergha" {Wiz Dex+5 SInv Stlth-}
   (You found it on level 4 of the Lair of Beasts)

   [ring of wizardry]

   It improves your spell success rate.
   It affects your dexterity (+5).
   It lets you see invisible.
   It makes you less stealthy.
 I - the ring of Amelioration (left hand) {+Blink rF+ Int+3}
   (You found it on level 9 of the Dungeon)

   [ring of protection from fire]

   It affects your intelligence (+3).
   It protects you from fire.
   It lets you blink.
Wands
 g - a wand of iceblast (13)
 v - a wand of polymorph (24)
 z - a wand of disintegration (14)
 F - a wand of enslavement (22)
 G - a wand of flame (13)
 L - a wand of digging (3)
 M - a wand of paralysis (6)
 Q - a wand of acid (10)
Scrolls
 e - 12 scrolls of remove curse
 f - 4 scrolls of amnesia
 h - 3 scrolls of fear
 m - 8 scrolls of teleportation
 r - 3 scrolls of enchant weapon
 s - 4 scrolls of enchant armour
 w - a scroll of silence
 x - 2 scrolls of fog
 H - a scroll of identify
 T - a scroll of summoning
Potions
 i - 3 potions of magic
 j - a potion of haste
 k - 2 potions of brilliance
 l - 2 potions of ambrosia
 p - a potion of heal wounds
 A - a potion of flight {unknown}
 C - 2 potions of cancellation
 E - 6 potions of curing
 K - a potion of mutation {unknown}
 S - 2 potions of berserk rage
Comestibles
 c - 41 rations
 U - 8 chunks of flesh


   Skills:
 + Level 13.4 Fighting
 - Level 11.8 Short Blades
 + Level 10.1 Crossbows
 - Level 1.5 Armour
 + Level 14.1 Dodging
 - Level 1.1 Stealth
 + Level 13.0 Invocations


You had 13 spell levels left.
You didn't know any spells.
Your spell library contained the following spells:

 Spells                   Type           Power        Failure   Level  Hunger
 Flame Tongue             Conj/Fire      #....        30%         1    ##.....
 Magic Dart               Conj           #...         30%         1    ##.....
 Sandblast                Erth           #.....       30%         1    ##.....
 Passwall                 Tmut/Erth      #.......     43%         2    ###....
 Searing Ray              Conj           #.....       43%         2    ###....
 Throw Flame              Conj/Fire      #.....       43%         2    ###....
 Conjure Flame            Conj/Fire      #.......     67%         3    ####...
 Dazzling Spray           Conj/Hex       #.....       67%         3    ####...
 Inner Flame              Hex/Fire       #.......     67%         3    ####...
 Stone Arrow              Conj/Erth      #.....       67%         3    ####...
 Force Lance              Conj/Tloc      #.......     97%         4    #####..
 Fulminant Prism          Conj/Hex       #.........   97%         4    #####..
 Iskenderun's Mystic Bla  Conj           #.......     97%         4    #####..
 Petrify                  Tmut/Erth      #.......     97%         4    #####..
 Sticky Flame             Conj/Fire      #.......     97%         4    #####..
 Bolt of Magma            Conj/Fire/Erth #.........   100%        5    ######.
 Borgnjor's Vile Clutch   Necr/Erth      #.........   100%        5    ######.
 Excruciating Wounds      Chrm/Necr      #.........   100%        5    ######.
 Fireball                 Conj/Fire      #.........   100%        5    ######.
 Lee's Rapid Deconstruct  Erth           #.........   100%        5    ######.
 Iron Shot                Conj/Erth      #.........   100%        6    #######
 Simulacrum               Ice/Necr       #.........   100%        6    #######
 Statue Form              Tmut/Erth      #........    100%        6    #######


Dungeon Overview and Level Annotations

Branches:
Dungeon (12/15)            Temple (0/1) D:4            Lair (6/6) D:10
 Shoals (0/4) Lair:2        Snake (0/4) Lair:2        Slime (0/5) Lair:5
    Orc: D:9-12

Altars:
Dithmenos
Elyvilon
Fedhas
Hepliaklqana
Kikubaaqudgha
Makhleb
Okawaru
Uskayaw
Wu Jian
Xom
Yredelemnul
Zin
The Shining One
Jiyva

Shops:
D:4 *   D:6 !   D:10 (

Portals:
Trove: D:10 (give +2 gold dragon scales)

Annotations:
D:12 Fannar
Lair:5 1 runed translucent door


Innate Abilities, Weirdness & Mutations

You are small and have problems with some larger weapons.
You are carnivorous and can eat meat at any time.


Message History

You are too injured to fight recklessly!
You hit the azure jelly.
The azure jelly is lightly wounded.
You hit the azure jelly.
The azure jelly is lightly wounded.
You hit the azure jelly but do no damage.
The azure jelly is lightly wounded.
The azure jelly misses you. The azure jelly completely misses you.
The azure jelly hits you but does no damage.
The azure jelly completely misses you.
You hit the azure jelly.
The azure jelly is moderately wounded.
You hit the azure jelly but do no damage.
The azure jelly is moderately wounded.
The azure jelly hits you. The azure jelly freezes you!!
* * * LOW HITPOINT WARNING * * *
The azure jelly hits you!
* * * LOW HITPOINT WARNING * * *
The azure jelly freezes you!
You die...

....#.# #..........## #......
..###.# ###P....÷....# ......
### .. #............# ..... #
... ##......÷....# ##... ..#.
##.........## #.. .........
#.........# # .# ........#
#.........###.##. ..P......
#..÷........#.... ..P.....
##...@............ #......
#...JP†........... . #
#...####.................
....#.#....#....)............
.............................
#...............[............
##..P........................
##..........................
#...........###............


You could see an azure jelly.

Vanquished Creatures
  Nessos (D:12)
  Snorg (D:11)
  A death ooze (Lair:6)
  Harold (D:7)
  A two-headed ogre (D:8)
  A catoblepas (Lair:6)
  Sonja (D:11)
  2 wizards (D:10)
  Pikel (D:6)
  2 deep elf magi
  A cyclops (D:12)
  A guardian serpent (Lair:6)
  5 black mambas
  10 spiny frogs
  3 kobold demonologists (D:11)
  5 rime drakes
  5 komodo dragons
  2 trolls (D:10)
  A polar bear (Lair:6)
  2 hornets (Lair:6)
  21 blink frogs
  7 dream sheep (Lair:6)
  A snapping turtle (Lair:2)
  6 hippogriffs
  A shadow (D:12)
  3 redbacks (Lair:6)
  A wraith (D:10)
  14 yaks
  A small abomination (Abyss:1)
  11 wyverns (Lair:6)
  3 basilisks
  Menkaure (D:7)
  2 hungry ghosts (D:12)
  Edmund (D:6)
  2 wargs (Lair:6)
  2 soldier ants
  An acid dragon (D:11)
  9 porcupines
  Duvessa (D:6)
  3 hell hounds (Lair:6)
  17 water moccasins
  An ice beast (D:7)
  2 slaves
  7 black bears
  A sky beast (Abyss:1)
  A necrophage (D:7)
  An eye of draining (D:8)
  4 ogres
  25 wolves
  8 centaurs
  8 crocodiles
  5 big kobolds (D:11)
  18 bullfrogs
  Dowan (D:6)
  5 scorpions
  A killer bee (D:11)
  5 wights (D:12)
  A vampire bat (Lair:3)
  6 electric eels
  2 howler monkeys
  4 crimson imps
  A centaur zombie (D:5)
  10 jellies
  6 orc priests
  Crazy Yiuf (D:4)
  8 hounds
  9 orc wizards
  4 bullfrog zombies
  A gnoll shaman (D:6)
  A bullfrog skeleton (D:4)
  7 worker ants
  2 howler monkey zombies
  14 adders
  8 gnolls
  7 river rats
  4 shadow imps
  9 oozes
  An adder zombie (D:9)
  An adder skeleton (D:7)
  2 worms (D:2)
  2 dart slugs (D:1)
  5 leopard geckos
  42 orcs
  5 giant cockroaches
  12 goblins
  2 hobgoblins (D:1)
  9 jackals
  6 quokkas
  5 ball pythons
  12 bats
  12 frilled lizards
  18 kobolds
  A quokka skeleton (D:4)
  15 rats
503 creatures vanquished.

Vanquished Creatures (others)
  3 hydras
  A bush (Lair:6)
  8 demonic plants (Gauntlet)
  19 fungi (Lair:6)
  46 plants
77 creatures vanquished.

Grand Total: 580 creatures vanquished

Notes
Turn   | Place    | Note
-------+----------+-------------------------------------------
     0 | Abyss:1  | Geeful the Kobold Abyssal Knight began the quest for the
                  | Orb.
     0 | Abyss:1  | Reached XP level 1. HP: 14/14 MP: 2/2
    35 | Abyss:1  | Noticed an efreet
    37 | D:1      | Escaped the Abyss
    91 | D:1      | Reached XP level 2. HP: 8/19 MP: 3/3
   488 | D:1      | Reached * piety under Lugonu
   589 | D:1      | Reached skill level 1 in Armour
   628 | D:1      | Reached XP level 3. HP: 22/24 MP: 4/4
  1547 | D:2      | Reached XP level 4. HP: 29/29 MP: 5/5
  1717 | D:2      | Reached skill level 3 in Dodging
  1895 | D:2      | Reached ** piety under Lugonu
  2413 | D:3      | Reached skill level 1 in Stealth
  2413 | D:3      | Reached XP level 5. HP: 15/33 MP: 6/6
  3075 | D:3      | Reached XP level 6. HP: 19/39 MP: 8/8
  3529 | D:3      | Found a glowing silver altar of Zin.
  3931 | D:4      | Reached skill level 5 in Short Blades
  3956 | D:4      | Found a glowing drain.
  4010 | D:4      | Reached skill level 4 in Dodging
  4215 | Sewer    | Entered a sewer
  4441 | Sewer    | Reached *** piety under Lugonu
  4773 | D:4      | Found a white marble altar of Elyvilon.
  4816 | D:4      | Found a staircase to the Ecumenical Temple.
  4818 | D:4      | Reached skill level 5 in Fighting
  4818 | D:4      | Reached XP level 7. HP: 44/44 MP: 9/9
  4830 | D:4      | Found Rasanit's Elemental Accessories.
  5248 | D:4      | Found an ancient bone altar of Kikubaaqudgha.
  5248 | D:4      | Found a blossoming altar of Fedhas.
  5312 | D:4      | Found a runed translucent door.
  5313 | D:4      | Noticed Crazy Yiuf
  5320 | D:4      | Killed Crazy Yiuf
  5538 | D:4      | Found a basalt altar of Yredelemnul.
  5614 | D:5      | Entered Level 5 of the Dungeon
  5798 | D:5      | Reached skill level 5 in Dodging
  5815 | D:5      | Reached XP level 8. HP: 48/50 MP: 11/11
  6096 | D:5      | Reached **** piety under Lugonu
  6666 | D:5      | Reached skill level 5 in Invocations
  6779 | D:6      | Got a translucent dagger
  6780 | D:6      | Identified the +5 dagger "Giantslayer" {freeze, *Drain
                  | Str+2 Int+2} (You found it on level 6 of the Dungeon)
  6791 | D:6      | Found Saineliwn's Distillery.
  6845 | D:6      | Noticed Edmund
  7120 | D:5      | Reached skill level 6 in Dodging
  7164 | D:6      | You fall through a shaft!
  7400 | D:7      | Found a glowing golden altar of the Shining One.
  7403 | D:7      | Found a hide-covered altar of Uskayaw.
  7403 | D:7      | Found a shadowy altar of Dithmenos.
  7404 | D:7      | Found an iron altar of Okawaru.
  7410 | D:7      | Found an ornate altar of the Wu Jian Council.
  7411 | D:7      | Found a hazy altar of Hepliaklqana.
  7544 | D:7      | Reached XP level 9. HP: 56/56 MP: 13/13
  7654 | D:6      | Killed Edmund
  7746 | D:6      | Found a burning altar of Makhleb.
  7815 | D:6      | Noticed Pikel
  7851 | D:6      | Killed Pikel
  7851 | D:6      | Reached skill level 7 in Dodging
  7914 | D:6      | Noticed Dowan
  7915 | D:6      | Noticed Duvessa
  7946 | D:6      | Killed Duvessa
  7951 | D:6      | Killed Dowan
  8672 | D:7      | Noticed Harold
  9222 | D:7      | Killed Harold
  9222 | D:7      | Reached skill level 8 in Dodging
  9222 | D:7      | Reached XP level 10. HP: 57/64 MP: 15/15
  9294 | D:7      | Noticed Menkaure
  9305 | D:7      | Killed Menkaure
  9569 | D:7      | Found a shimmering altar of Xom.
 10278 | D:8      | Noticed a two-headed ogre
 10284 | D:7      | Reached skill level 10 in Short Blades
 10325 | D:8      | Killed a two-headed ogre
 10325 | D:8      | Reached skill level 9 in Dodging
 10712 | D:8      | Got a pair of warped gloves
 10723 | D:8      | Identified the +4 pair of gloves "Icupso" {rN++} (You found
                  | it on level 8 of the Dungeon)
 10985 | D:9      | Got a faintly humming leather armour
 10996 | D:9      | Identified the +1 leather armour of Rolu {+Blink MR+ rCorr
                  | Int-5} (You found it on level 9 of the Dungeon)
 11025 | D:9      | Reached XP level 11. HP: 71/71 MP: 17/17
 11161 | D:9      | Reached ***** piety under Lugonu
 11335 | D:9      | You fall through a shaft!
 11335 | D:10     | Entered Level 10 of the Dungeon
 11875 | D:9      | Got a bound tin ring
 11877 | D:9      | Identified the ring of Amelioration {+Blink rF+ Int+3} (You
                  | found it on level 9 of the Dungeon)
 12251 | D:10     | Reached skill level 10 in Dodging
 12771 | D:10     | Found a staircase to the Lair.
 13092 | D:11     | Reached skill level 10 in Fighting
 13303 | D:11     | Noticed a sun demon
 13871 | D:10     | Found Huvul's Weapon Shop.
 13877 | D:10     | Bought 12 bolts for 38 gold pieces
 13877 | D:10     | Bought a +0 hand crossbow for 56 gold pieces
 14122 | D:11     | Noticed Sonja
 14126 | D:11     | Killed Sonja
 14403 | D:11     | Noticed Snorg
 14413 | D:10     | Noticed a deep elf mage
 14422 | D:10     | Noticed a wizard
 14431 | D:10     | Noticed a wizard
 14434 | D:10     | Killed a deep elf mage
 14434 | D:10     | Reached skill level 1 in Crossbows
 14443 | D:10     | Killed a wizard
 14450 | D:10     | Killed a wizard
 14450 | D:10     | Reached skill level 11 in Dodging
 14450 | D:10     | Reached XP level 12. HP: 78/78 MP: 19/19
 14452 | D:10     | Reached skill level 10 in Invocations
 14470 | D:11     | Killed Snorg
 14599 | D:10     | Identified Kikubaaqudgha's Grimoire of Axaxaxas mlö
 14610 | D:10     | Identified the Papyrus of Plaster Cramp
 14777 | D:10     | Identified Saruz's Handbook of Sand
 14877 | D:10     | Found a portal to a secret trove of treasure.
 15047 | D:11     | Noticed a deep troll
 15057 | D:11     | Noticed an iron troll
 15364 | D:12     | Noticed Nessos
 15382 | D:12     | Killed Nessos
 15654 | D:12     | Noticed Fannar
 15667 | D:12     | HP: 4/80 [white ugly thing (18)]
 15826 | Abyss:1  | Noticed a wretched star
 15826 | D:12     | Escaped the Abyss
 15866 | D:12     | Noticed a skeletal warrior
 15868 | D:12     | Noticed a skeletal warrior
 15869 | D:12     | Noticed a skeletal warrior
 15869 | D:12     | Noticed a skeletal warrior
 16424 | Lair:1   | Entered Level 1 of the Lair of Beasts
 16505 | Lair:1   | Reached skill level 5 in Crossbows
 16620 | Lair:1   | Got a distressingly furry cloak
 16737 | Lair:1   | Reached skill level 12 in Dodging
 17297 | Lair:2   | Noticed a seven-headed hydra
 17311 | Lair:2   | Banished a seven-headed hydra
 17456 | Lair:2   | Noticed a six-headed hydra
 17461 | Lair:2   | Banished a six-headed hydra
 17473 | Lair:2   | Found a staircase to the Snake Pit.
 17486 | Lair:2   | Reached XP level 13. HP: 63/84 MP: 3/21
 18088 | Lair:2   | Found a staircase to the Shoals.
 19177 | Lair:3   | Identified the +1 cloak of the Barber Surgeon {+Inv rElec
                  | rC+ Str-2} (You found it on level 1 of the Lair of Beasts)
 19263 | Lair:4   | Found a gate leading to a gauntlet.
 19268 | Lair:4   | Got a twitching silver ring
 19278 | Gauntlet | Entered a Gauntlet
 19278 | Gauntlet | Found a transporter.
 19279 | Gauntlet | Identified the ring "Sergha" {Wiz Dex+5 SInv Stlth-} (You
                  | found it on level 4 of the Lair of Beasts)
 19292 | Gauntlet | Found a transporter.
 19300 | Gauntlet | Found a transporter.
 19318 | Gauntlet | Found a transporter.
 19326 | Gauntlet | Found a transporter.
 19343 | Gauntlet | Noticed a dire elephant
 19344 | Gauntlet | Found a transporter.
 19364 | Gauntlet | Found a transporter.
 19376 | Gauntlet | Found a transporter.
 19388 | Gauntlet | Found a transporter.
 19400 | Gauntlet | Found a transporter.
 19412 | Gauntlet | Found a transporter.
 19412 | Gauntlet | Noticed a catoblepas
 19430 | Gauntlet | Found a transporter.
 19451 | Gauntlet | Found a transporter.
 19453 | Gauntlet | Found a transporter.
 19502 | Gauntlet | Found a transporter.
 19502 | Gauntlet | Found a transporter.
 20201 | Lair:5   | Reached skill level 13 in Dodging
 20536 | Lair:5   | Noticed an eight-headed hydra
 20562 | Lair:5   | Banished an eight-headed hydra
 20832 | Lair:5   | Identified a scroll of acquirement
 20833 | Lair:5   | Got an ebony quick blade
 20834 | Lair:5   | Identified the +5 quick blade of Instinct {pain, +Inv
                  | rElec} (You acquired it on level 5 of the Lair of Beasts)
 20857 | Lair:5   | Found a runed translucent door.
 20857 | Lair:5   | Found a viscous altar of Jiyva.
 20869 | Lair:5   | Noticed an azure jelly
 20871 | Lair:5   | Found a staircase to the Slime Pits.
 20871 | Lair:5   | Noticed an azure jelly
 21241 | Lair:6   | Entered Level 6 of the Lair of Beasts
 21426 | Lair:6   | Noticed a six-headed hydra
 21427 | Lair:6   | Banished a six-headed hydra
 21496 | Lair:6   | Reached XP level 14. HP: 82/92 MP: 23/23
 21595 | Lair:6   | Got a twisted robe
 21596 | Lair:6   | Identified the +0 robe of the Beekeeper {-Tele *Drain
                  | Regen+ Dex+10} (You found it on level 6 of the Lair of
                  | Beasts)
 22087 | Lair:6   | Paralysed by a hornet for 3 turns
 23227 | Lair:6   | Reached skill level 14 in Dodging
 23579 | Lair:6   | Reached skill level 10 in Crossbows
 23717 | Lair:6   | Noticed an azure jelly
 23754 | Lair:6   | Mangled by an azure jelly

Skill      XL: |  1  2  3  4  5  6  7  8  9 10 11 12 13 14 |
---------------+-------------------------------------------+-----
Short Blades   | 3 4 5 6 7 9 10 11 | 11.8
Armour         | 1 |  1.5
Fighting       | 4 5 6 8 9 10 11 12 13 | 13.4
Dodging        | 3 4 5 6 8 9 11 12 13 14 | 14.1
Stealth        | 1 |  1.1
Invocations    | 3 4 5 7 8 9 11 12 13 | 13.0
Crossbows      | 2 6 8 10 | 10.1

Action                   |  1- 3 |  4- 6 |  7- 9 | 10-12 | 13-15 || total
-------------------------+-------+-------+-------+-------+-------++-------
Melee: Short sword       |    86 |   212 |   348 |   777 |   462 ||  1885
       Quick blade       |       |       |       |       |   886 ||   886
Throw: Throwing net      |       |       |     6 |     5 |       ||    11
Invok: Depart the Abyss  |     1 |       |       |     1 |       ||     2
       Banish            |       |       |       |     7 |     2 ||     9
       Enter the Abyss   |       |       |       |     1 |       ||     1
Evoke: Wand              |       |       |    12 |    37 |     5 ||    54
  Use: Scroll            |     8 |     7 |     4 |    10 |     6 ||    35
       Potion            |     1 |       |     5 |     2 |     4 ||    12
 Stab: Sleeping          |     3 |     6 |     2 |     5 |     2 ||    18
       Held in net/web   |       |       |     2 |     4 |       ||     6
       Paralysed         |       |       |       |     2 |       ||     2
       Petrified         |       |       |       |       |     3 ||     3
  Eat: Chunk             |    10 |    10 |    15 |    27 |    22 ||    84
Armor: Leather armour    |    20 |    20 |    49 |    74 |       ||   163
       Troll leather arm |       |       |       |    39 |   132 ||   171
Dodge: Dodged            |    67 |   126 |   217 |   653 |   792 ||  1855
